 Dungeon Sprint DCSS version 0.27-a0-1140-g099f9bb0e8 (webtiles) character file.

Game seed: 7155245145293117337

276 Zeld the Zephyrmancer (level 6, -7/43 HPs)
             Began as an Octopode Air Elementalist on May 9, 2021.
             Was a Priest of Sif Muna.
             Mangled by a draconian
             ... wielding a +0 trident
              (10 damage)
             ... in the Dungeon (Sprint V: "Ziggurat Sprint").
             The game lasted 00:02:27 (650 turns).

Zeld the Zephyrmancer (Octopode Air Elementalist)    Turns: 650, Time: 00:02:28

Health: -7/43      AC:  1    Str:  8    XL:     6   Next: 25%
Magic:  10/14      EV: 14    Int: 31    God:    Sif Muna [***...]
Gold:   0          SH:  0    Dex: 12    Spells: 4/16 levels left

rFire    . . .     SeeInvis .   (no weapon)
rCold    . . .     Faith    .   (no shield)
rNeg     . . .     Spirit   .   (helmet restricted)
rPois    .         Reflect  .   (no amulet)
rElec    .         Harm     .   v - +6 ring of intelligence
rCorr    .         Rampage  .   u - +6 ring of intelligence
Will     .....     NoTele   +   (no ring)
Stlth    +++.......             (no ring)
HPRegen  0.14/turn              (no ring)
MPRegen  0.14/turn              (no ring)
                                (no ring)
                                (no ring)

@: very slightly contaminated
A: almost no armour, amphibious, 8 rings, camouflage 1, gelatinous body 1,
(nimble swimmer 1), tentacles
a: Renounce Religion, Channel Magic, Forget Spell


You were in the Dungeon.
You worshipped Sif Muna.
Sif Muna was most pleased with you.
You visited 1 branch

Inventory:

Armour
 a - a +3 tower shield
Jewellery
 u - a +6 ring of intelligence (right tentacle)
 v - a +6 ring of intelligence (left tentacle)
 z - a +4 ring of evasion
Wands
 q - a wand of mindburst (4)
 s - a wand of acid (5)
Scrolls
 g - 2 scrolls of blinking
 k - 4 scrolls of amnesia
 m - 7 scrolls of fog
 n - a scroll of holy word
 o - 5 scrolls of identify
 p - 2 scrolls of fear
Potions
 b - 10 potions of curing
 c - 14 potions of heal wounds
 d - 6 potions of haste
 e - 7 potions of magic
 f - 3 potions of berserk rage
 h - 2 potions of brilliance
 i - 2 potions of invisibility
 j - 4 potions of resistance
 l - 5 potions of might
Miscellaneous
 t - a lightning rod (4/4)
 w - a condenser vane (inert)
 x - a tin of tremorstones (2/2)
 y - a phantom mirror (inert)


   Skills:
 + Level 3.8 Fighting
 + Level 4.5 Dodging
 - Level 2.6 Stealth
 + Level 5.7 Spellcasting
 - Level 1.0 Conjurations
 * Level 9.0 Air Magic
 * Level 6.3 Invocations


You had 4 spell levels left.
You knew the following spells:

 Your Spells              Type           Power      Damage    Failure   Level
a - Shock                 Conj/Air       100%       1d9       1%          1
b - Static Discharge      Conj/Air       40%        N/A       1%          2
c - Airstrike             Air            30%        N/A       1%          4
d - Lightning Bolt        Conj/Air       20%        1d35      19%         5

Your spell library contained the following spells:

 Spells                   Type           Power      Damage    Failure   Level
 Swiftness                Air            60%        N/A       1%          3
 Chain Lightning          Conj/Air       20%        N/A       100%        8
 Lehudib's Crystal Spear  Conj/Erth      6%         10d3      100%        8
 Absolute Zero            Ice            4%         ∞         100%        9
 Fire Storm               Conj/Fire      6%         8d2       100%        9


Dungeon Overview and Level Annotations

Branches:
Dungeon (1/1)

Altars:
Ashenzari
Cheibriados
Dithmenos
Elyvilon
Fedhas
Gozag
Hepliaklqana
Kikubaaqudgha
Makhleb
Nemelex Xobeh
Okawaru
Qazlal
Ru
Sif Muna
Trog
Uskayaw
Vehumet
Wu Jian
Xom
Yredelemnul
Zin
The Shining One
Beogh
Jiyva
Lugonu

Annotations:
D 1 transporter


Innate Abilities, Weirdness & Mutations

You cannot wear most types of armour.
You are amphibious.
You can wear up to eight rings at the same time.
Your skin changes colour to match your surroundings (Stealth+).
Your rubbery body absorbs attacks. (AC +1, EV +1)
((You are camouflaged near water. (Stealth+)))
You have tentacles for arms and can constrict up to eight enemies at once.


Message History

Okay, then.
Aiming: Mindburst
Press: ? - help, Shift-Dir - straight line, f - draconian
Aim: a draconian, wielding a +0 hand axe (thunder, ally target, chance to affect: 73%)
The draconian struggles to resist.
The draconian is struck by lightning.
Your draconian barely misses the draconian.
The draconian is struck by lightning.
Unknown command.
Aiming: Mindburst
Press: ? - help, Shift-Dir - straight line, f/p - draconian
Aim: a draconian, wielding a +0 hand axe (thunder, ally target, chance to affect: 73%)
The draconian's mind is blasted!
The draconian is struck by lightning.
The draconian barely misses you.
The draconian is struck by lightning.
The draconian hits you with a +0 hand axe!
* * * LOW HITPOINT WARNING * * *
Unknown command.
Blink to where?
Press: ? - help, Dir - move target, p - draconian
As you read the scroll of blinking, it crumbles to dust.
The draconian is struck by lightning.
Okay, then.
Aiming: Mindburst
Press: ? - help, Shift-Dir - straight line, f - draconian
Aim: a draconian, wielding a +0 trident (thunder, moderately wounded, chance to affect: 73%)
The draconian struggles to resist.
Unknown command.
Unknown command.
Aiming: Corrosive Bolt
Press: ? - help, Shift-Dir - straight line, f/p - draconian
Aim: a draconian, wielding a +0 trident (thunder, moderately wounded, 68% to hit)
The bolt of acid misses the draconian.
The draconian is struck by lightning.
Unknown command.
Aiming: Corrosive Bolt
Press: ? - help, Shift-Dir - straight line, p - draconian The bolt of acid hits the draconian!
The draconian is splashed with acid.
The draconian is heavily wounded.
Your draconian shimmers and vanishes!
The draconian is struck by lightning.
The draconian hits you from afar with a +0 trident!
You die...

▓..©..▓..©..▓▓▓▓▓▓▓
▓▓▓▓▓▓▓▓▓▓▓▓▓▓▓▓▓▓▓
▓..8©8...▓..8©8d..▓
▓...[)...▓..|.§§§.▓
▓...[....▓..[.§§§.▓
▓........▓..§§§§§.▓
▓........▓..d§§§d.▓
▓.▓....▓.▓..§§§§..▓
▓...©....▓@.d©§d..▓
▓▓▓▓▓▓▓▓▓▓▓▓▓▓▓▓▓▓▓


You could see 5 draconians.

Vanquished Creatures
  A necrophage (D)
  A phantom (D)
  A wight (D)
  A crimson imp (D)
  2 adders (D)
  A white imp (D)
  2 adder zombies (D)
  2 ball pythons (D)
  A jackal skeleton (D)
  A jackal zombie (D)
13 creatures vanquished.

Notes
Turn   | Place    | Note
-------+----------+-------------------------------------------
     0 | D        | Zeld the Octopode Air Elementalist began the quest for the
                  | Orb.
     0 | D        | Reached XP level 1. HP: 11/11 MP: 3/3
     1 | D        | Found a blossoming altar of Fedhas.
     2 | D        | Found the +6 Majin-Bo {vamp, MP+6 Int+6}
     2 | D        | Found the +9 heavy crossbow "Sniper" {vorpal, Acc+∞ SInv}
     2 | D        | Found the +10 dark maul {vorpal}
     2 | D        | Found the +15 Maxwell's patent armour {-Cast -Tele rElec
                  | Will+ rCorr}
     2 | D        | Found the +18 shield of the Gong {rElec rN+ Will+ EV-5}
     2 | D        | Found the +14 obsidian axe {vorpal, Drain Fly SInv}
     2 | D        | Found the +7 great mace "Firestarter" {inner flame, rF++}
     2 | D        | Found the +6 shillelagh "Devastator" {shatter}
     2 | D        | Found the +11 plutonium sword {Contam Stlth-}
     2 | D        | Found the +8 lance "Wyrmbane" {slay drac, rPois rF+ rC+
                  | AC+3}
     2 | D        | Found the +9 sword of Zonguldrok {reap}
     2 | D        | Found the +13 scythe of Curses {drain, Drain}
     2 | D        | Found the +5 sword of Power {vorpal}
     2 | D        | Found the +7 mace of Variability {chain chaos}
     2 | D        | Found the +7 Singing Sword {vorpal, sonic wave}
     2 | D        | Found the +8 storm bow {elec, penet}
     6 | D        | Found a shimmering blue altar of Sif Muna.
     6 | D        | Found a sacrificial altar of Ru.
     6 | D        | Found a bloodstained altar of Trog.
     6 | D        | Found a stormy altar of Qazlal.
     6 | D        | Found an iron altar of Okawaru.
     6 | D        | Found a sparkling altar of Nemelex Xobeh.
     8 | D        | Reached skill level 6 in Air Magic
     8 | D        | Reached XP level 2. HP: 17/17 MP: 4/7
     9 | D        | Found a transporter.
     9 | D        | Found an ancient bone altar of Kikubaaqudgha.
     9 | D        | Found a viscous altar of Jiyva.
     9 | D        | Found a corrupted altar of Lugonu.
     9 | D        | Found a hazy altar of Hepliaklqana.
     9 | D        | Found a burning altar of Makhleb.
     9 | D        | Found an opulent altar of Gozag.
    29 | D        | Became a worshipper of Sif Muna the Loreminder
    35 | D        | Learned a level 2 spell: Static Discharge
    71 | D        | Entered arena 2.
    71 | D        | Noticed a crimson imp
    71 | D        | Found a transporter.
    74 | D        | Killed a crimson imp
    74 | D        | Reached * piety under Sif Muna
    75 | D        | Reached skill level 1 in Fighting
    75 | D        | Reached skill level 7 in Air Magic
    75 | D        | Reached XP level 3. HP: 23/23 MP: 6/9
   229 | D        | Entered arena 3.
   229 | D        | Noticed a phantom
   229 | D        | Found a transporter.
   232 | D        | Reached XP level 4. HP: 29/29 MP: 10/10
   233 | D        | Killed a phantom
   234 | D        | Reached skill level 5 in Spellcasting
   234 | D        | Reached skill level 8 in Air Magic
   234 | D        | Reached skill level 5 in Invocations
   234 | D        | Reached XP level 5. HP: 36/36 MP: 10/12
   239 | D        | Learned a level 4 spell: Airstrike
   245 | D        | Learned a level 5 spell: Lightning Bolt
   441 | D        | Entered arena 4.
   441 | D        | Found a transporter.
   445 | D        | Reached ** piety under Sif Muna
   625 | D        | Entered arena 5.
   625 | D        | Noticed a necrophage
   625 | D        | Found a transporter.
   627 | D        | Reached *** piety under Sif Muna
   628 | D        | Killed a necrophage
   629 | D        | Reached skill level 9 in Air Magic
   629 | D        | Reached XP level 6. HP: 43/43 MP: 12/14
   640 | D        | Entered arena 6.
   640 | D        | Noticed a draconian
   640 | D        | Noticed a draconian
   640 | D        | Noticed a draconian
   640 | D        | Noticed a draconian
   640 | D        | Noticed a draconian
   640 | D        | Found a transporter.
   641 | D        | Found the +4 robe of Augmentation {Str+4 Int+4 Dex+4}
   646 | D        | HP: 2/43 [draconian/+0 hand axe (16)]
   650 | D        | Mangled by a draconian

Illustrated notes

Levels and vault maps discovered:
D:        sprint_v [room_start, room_1, room_2, room_3, room_4, room_5, room_6,
          room_7, room_8, room_9, room_10, room_11, room_12, room_13, room_14,
          room_15, room_16, room_17, room_18, room_19, room_20, room_21,
          room_22, room_23, room_24, room_25, room_26, room_27]

Skill      XL: |  1  2  3  4  5 |
---------------+----------------+-----
Spellcasting   | 4 5 |  5.7
Air Magic      | 6 7 8 9 |  9.0
Fighting       | 1 2 3 |  3.8
Invocations    | 2 3 5 6 |  6.3
Dodging        | 3 4 |  4.5
Stealth        | |  2.6
Conjurations   | |  1.0

Action                   |  1- 3 |  4- 6 || total
-------------------------+-------+-------++-------
Melee: Unarmed           |       |     2 ||     2
       Constrict         |       |     1 ||     1
 Cast: Shock             |     2 |       ||     2
       Static Discharge  |       |     2 ||     2
Evoke: Wand              |     3 |     9 ||    12
       Lightning rod     |       |     1 ||     1
       Phantom mirror    |       |     1 ||     1
       Condenser vane    |       |     1 ||     1
  Use: Potion            |     1 |       ||     1
       Scroll            |       |     2 ||     2
Dodge: Dodged            |       |     5 ||     5

Table legend: (Time is in decaauts)
 A = Elapsed time spent in this place.
 B = Non-inter-level travel time spent in this place.
 C = Inter-level travel time spent in this place.
 D = Time resting spent in this place.
 E = Time spent auto-exploring this place.
 F = Levels seen in this place.
 G = Mean time per level.
                   A        B        C        D        E       F      G
               +--------+--------+--------+--------+--------+-----+--------+
         Total |    649 |    649 |      0 |    525 |      0 |   1 |  649.0 |
       Dungeon |    649 |    649 |      0 |    525 |      0 |   1 |  649.0 |
               +--------+--------+--------+--------+--------+-----+--------+

Top non-repeatable levels by time:
       D: 649 daAuts
